 Dungeon Crawl Stone Soup version 0.24.0-1-gfbc8707 (webtiles) character file.

Game seed: 17635476906928837190, levelgen mode: deterministic

4207 Buxparty the Spear-Bearer (level 10, -10/83 HPs)
             Began as a Merfolk Fighter on Dec 30, 2019.
             Was a Priest of Dithmenos.
             Mangled by a two-headed ogre
             ... wielding a +0 giant spiked club
              (13 damage)
             ... on level 8 of the Dungeon.
             The game lasted 00:31:27 (9334 turns).

Buxparty the Spear-Bearer (Merfolk Fighter)         Turns: 9334, Time: 00:31:29

Health: -10/83     AC: 14    Str: 19    XL:     10   Next: 29%
Magic:  10/10      EV: 12    Int:  8    God:    Dithmenos [***...]
Gold:   529        SH:  0    Dex: 14    Spells: 9/9 levels left

rFire    . . .     SeeInvis .   a - +0 trident
rCold    . . .     Gourm    .   (no shield)
rNeg     . . .     Faith    .   w - +4 chain mail {MR+}
rPois    +         Spirit   .   u - +0 helmet
rElec    .         Reflect  .   (no cloak)
rCorr    .         Harm     .   y - +0 pair of gloves
MR       +....                  (no boots)
Stlth    ..........             v - amulet of magic regeneration
HPRegen  0.23/turn              t - ring of wizardry
MPRegen  0.37/turn              J - ring of poison resistance

@: about to teleport, wreathed by umbra, studying Polearms
A: change form in water, swift swim, stealthy swim
a: Shadow Step, Renounce Religion


You were on level 8 of the Dungeon.
You worshipped Dithmenos.
Dithmenos was most pleased with you.
You were not hungry.

You visited 2 branches of the dungeon, and saw 10 of its levels.

You collected 529 gold pieces.

Inventory:

Hand Weapons
 a - a +0 trident (weapon)
Armour
 b - a +0 scale mail
 c - a +0 shield
 o - a +0 ring mail of magic resistance
 r - a +2 robe of magic resistance
 u - a +0 helmet (worn)
 w - a +4 chain mail of magic resistance (worn)
 y - a +0 pair of gloves (worn)
 I - a +0 buckler
Jewellery
 t - a ring of wizardry (left hand)
 v - an amulet of magic regeneration (around neck)
 D - an uncursed ring of flight
 J - a ring of poison resistance (right hand)
Wands
 q - a wand of flame (35)
 K - a wand of iceblast (11)
 M - a wand of random effects (13)
Scrolls
 g - 7 scrolls of remove curse
 h - 10 scrolls of identify
 i - a scroll of enchant armour {unknown}
 j - 3 scrolls of fear {unknown}
 k - 3 scrolls of teleportation
 m - 2 scrolls of amnesia {unknown}
 n - a scroll of noise {unknown}
 z - a scroll of blinking {unknown}
 E - 4 scrolls of fog {unknown}
 G - a scroll of enchant weapon {unknown}
Potions
 d - 2 potions of might
 e - 7 potions of curing {unknown}
 l - 2 potions of heal wounds {unknown}
 p - a potion of flight {unknown}
 s - a potion of magic {unknown}
 x - 2 potions of brilliance {unknown}
 A - 3 potions of mutation {unknown}
 B - a potion of ambrosia {unknown}
 C - a potion of lignification {unknown}
 F - 2 potions of degeneration {unknown}
 H - 4 potions of cancellation {unknown}
 N - 2 potions of resistance {unknown}
Books
 L - a manual of Polearms
Comestibles
 f - 10 rations


   Skills:
 + Level 9.2 Fighting
 - Level 14.0 Polearms
 - Level 2.1 Armour
 * Level 9.2 Dodging
 + Level 0.1 Stealth
 - Level 3.0 Shields


You had 9 spell levels left.
You didn't know any spells.
Your spell library was empty.

Dungeon Overview and Level Annotations

Branches:
Dungeon (9/15)             Temple (1/1) D:5
   Lair: D:8-11         Orc: D:9-12

Altars:
Ashenzari
Cheibriados
Dithmenos
Elyvilon
Fedhas
Gozag
Hepliaklqana
Kikubaaqudgha
Makhleb
Nemelex Xobeh
Okawaru
Qazlal
Ru
Sif Muna
Trog
Vehumet
Wu Jian
Xom
Yredelemnul
Zin
The Shining One


Message History

The orc hits you but does no damage.
The two-headed ogre hits you with a +0 giant spiked club!!
* * * LOW HITPOINT WARNING * * *
The two-headed ogre hits you with a +0 giant club.
* * * LOW HITPOINT WARNING * * *
The killer bee stings you but does no damage.
The kobold barely misses you. The adder barely misses you.
As you read the scroll labeled ZUQOFE POHUEJO, it crumbles to dust.
You feel strangely unstable.
It was a scroll of teleportation.
The killer bee stings you.
* * * LOW HITPOINT WARNING * * *
The killer bee stings you.
* * * LOW HITPOINT WARNING * * *
The killer bee closely misses you. The orc hits you with a +0 short sword.
* * * LOW HITPOINT WARNING * * *
The adder barely misses you.
The two-headed ogre hits you with a +0 giant spiked club!
* * * LOW HITPOINT WARNING * * *
The two-headed ogre hits you with a +0 giant club!
You die...

##..............###.##.#..#
##.#.##.#.....## #.###...#
###.#.##.##...## #.# #.#.#
#.....##.###'## #.# #.#.#
#.#........#.# #.###.#.#
#.#..###.#.#.# #.......#
#.#......#.#.#### #####.###
#.##.###.Kyy....# #.#
#........#@o....# #.#
####.##..#OS..#.#######.#
#.##..#..............#
#..........#.#########
#####.###.##.# #.###.##.#
#........# #####.#### #.#


You could see a two-headed ogre, 2 killer bees, an adder, an orc and a kobold.

Vanquished Creatures
  Psyche (D:8)
  A hippogriff (D:7)
  Sigmund (D:5)
  A yak (D:7)
  2 orc warriors
  A sky beast (D:6)
  A hornet zombie (D:5)
  2 phantoms (D:7)
  4 ogres
  3 centaurs
  3 bullfrogs
  A water moccasin zombie (D:6)
  3 scorpions
  3 wights
  7 killer bees (D:8)
  3 crimson imps
  A bullfrog zombie (D:5)
  A centaur zombie (D:8)
  4 hounds
  2 jellies
  Crazy Yiuf (D:2)
  8 orc priests
  8 orc wizards
  Jessica (D:2)
  Ijyb (D:3)
  Natasha (thrice) (D:2)
  3 iguanas
  5 worker ants
  A hound zombie (D:7)
  A hound skeleton (D:6)
  3 worker ant zombies
  10 adders
  A gnoll (D:5)
  A shadow imp (D:9)
  An ooze (D:2)
  3 worms
  3 dart slugs
  3 leopard geckos
  26 orcs
  A ball python (D:1)
  7 bats
  7 giant cockroaches
  9 goblins
  A hobgoblin (D:2)
  16 jackals
  6 kobolds
  6 quokkas
  3 frilled lizards
  A leopard gecko skeleton (D:4)
  A quokka skeleton (D:6)
  9 rats
195 creatures vanquished.

Notes
Turn   | Place    | Note
-------+----------+-------------------------------------------
     0 | D:1      | Buxparty the Merfolk Fighter began the quest for the Orb.
     0 | D:1      | Reached XP level 1. HP: 18/18 MP: 1/1
   172 | D:1      | Reached skill level 1 in Dodging
   172 | D:1      | Reached XP level 2. HP: 22/24 MP: 2/2
   560 | D:1      | Reached XP level 3. HP: 22/30 MP: 3/3
   777 | D:1      | Reached skill level 4 in Polearms
  1005 | D:2      | Found a shadowy altar of Dithmenos.
  1038 | D:2      | Became a worshipper of Dithmenos the Shadowed
  1194 | D:2      | Found a glowing golden altar of the Shining One.
  1263 | D:2      | Reached XP level 4. HP: 37/37 MP: 4/4
  1457 | D:2      | Found a runed translucent door.
  1458 | D:2      | Noticed Crazy Yiuf
  1466 | D:2      | Killed Crazy Yiuf
  1466 | D:2      | Reached skill level 5 in Polearms
  1559 | D:2      | Noticed Natasha
  1577 | D:2      | Killed Natasha
  1579 | D:2      | Reached XP level 5. HP: 20/42 MP: 5/5
  1797 | D:2      | Noticed Jessica
  1803 | D:2      | Reached skill level 6 in Polearms
  1815 | D:2      | Killed Jessica
  1905 | D:2      | Noticed Natasha
  1911 | D:2      | Killed Natasha
  1950 | D:2      | Noticed Natasha
  1958 | D:2      | Killed Natasha
  2254 | D:3      | Reached skill level 7 in Polearms
  2279 | D:3      | Reached XP level 6. HP: 48/48 MP: 6/6
  2288 | D:3      | Reached * piety under Dithmenos
  2447 | D:3      | Found a blossoming altar of Fedhas.
  2452 | D:3      | Noticed Ijyb
  2631 | D:3      | Killed Ijyb
  2936 | D:3      | Reached skill level 8 in Polearms
  2973 | D:3      | Found a shimmering blue altar of Sif Muna.
  3167 | D:4      | Found a blossoming altar of Fedhas.
  3267 | D:4      | Reached XP level 7. HP: 47/55 MP: 7/7
  3295 | D:4      | Found a shadowy altar of Dithmenos.
  3301 | D:4      | Reached skill level 9 in Polearms
  3760 | D:4      | Reached skill level 10 in Polearms
  4015 | D:4      | Found an iron altar of Okawaru.
  4015 | D:4      | Found a bloodstained altar of Trog.
  4017 | D:4      | Found a glowing silver altar of Zin.
  4019 | D:4      | Found a snail-covered altar of Cheibriados.
  4020 | D:4      | Found a basalt altar of Yredelemnul.
  4025 | D:4      | Found a burning altar of Makhleb.
  4026 | D:4      | Found a stormy altar of Qazlal.
  4384 | D:5      | Entered Level 5 of the Dungeon
  4451 | D:5      | Reached XP level 8. HP: 42/61 MP: 8/8
  4492 | D:5      | Found a staircase to the Ecumenical Temple.
  4507 | D:5      | Reached skill level 5 in Fighting
  4512 | Temple   | Entered the Ecumenical Temple
  5032 | D:5      | Reached skill level 11 in Polearms
  5038 | D:5      | Reached ** piety under Dithmenos
  5171 | D:5      | Reached skill level 5 in Dodging
  5557 | D:5      | Noticed Sigmund
  5582 | D:5      | Killed Sigmund
  5582 | D:5      | Reached skill level 12 in Polearms
  5750 | D:5      | Found an opulent altar of Gozag.
  6205 | D:6      | Reached skill level 13 in Polearms
  6229 | D:6      | Reached XP level 9. HP: 68/68 MP: 9/9
  6722 | D:6      | Identified the cursed +0 ring mail "Awnizois" {+Fly}
  6760 | D:6      | Reached skill level 14 in Polearms
  7315 | D:7      | Reached *** piety under Dithmenos
  7818 | D:7      | Found a sacrificial altar of Ru.
  7889 | D:7      | Reached XP level 10. HP: 66/80 MP: 10/10
  8401 | D:8      | Noticed Psyche
  8418 | D:8      | Killed Psyche
  9319 | D:9      | Noticed a two-headed ogre
  9334 | D:8      | HP: 3/83 [two-headed ogre/+0 giant spiked club (10)]
  9334 | D:8      | Mangled by a two-headed ogre

Levels and vault maps discovered:
D:1:      nagdon_arrival_double_spiral, layout_loops_ring
D:2:      layout_loops_corners, marbit_many_paths,
          nicolae_dithmenos_shadow_blocks, uniq_natasha, uniq_jessica,
          uniq_crazy_yiuf_cottage
D:3:      layout_loops_ring, led_sif_pool, old_standard_altar,
          minmay_randomly_rotated_circles, uniq_ijyb
D:4:      layout_gridville, nicolae_overflow_crystal_walls,
          grunt_temple_overflow_open, first_ration,
          hangedman_decor_clover_reticule, fedhas_altar_3
D:5:      minmay_skewed_foursquare, layout_basic, grunt_gozag_breadcrumbs,
          minmay_temple_entry_grid, lemuel_another_geyser, uniq_sigmund
D:6:      layout_basic
D:7:      layout_loops_ring, basic_altar, minmay_manual_monstrance
D:8:      layout_loops_corners, uniq_psyche
D:9:      layout_rooms, kennysheep_little_box, erik_lair_orcish_takeover
Temple:   jpeg_temple_island

Skill      XL: |  1  2  3  4  5  6  7  8  9 10 |
---------------+-------------------------------+-----
Dodging        | 1 2 3 4 5 8 9 |  9.2
Polearms       | 4 5 7 8 10 13 14 | 14.0
Fighting       | 4 5 7 9 |  9.2
Armour         | |  2.1
Stealth        | |  0.1
Shields        | |  3.0

Action                   |  1- 3 |  4- 6 |  7- 9 | 10-12 || total
-------------------------+-------+-------+-------+-------++-------
Melee: Trident           |   135 |   187 |   574 |   151 ||  1047
       Unarmed           |       |       |       |     1 ||     1
  Use: Scroll            |       |       |       |     2 ||     2
 Stab: Sleeping          |       |     3 |       |       ||     3
       Distracted        |       |     1 |       |       ||     1
  Eat: Chunk             |     1 |       |       |       ||     1
       Ration            |       |     3 |     5 |       ||     8
Armor: Scale mail        |    58 |     9 |       |       ||    67
       Robe              |       |    28 |       |       ||    28
       Chain mail        |       |    13 |   143 |    38 ||   194
Dodge: Dodged            |    55 |    95 |   160 |    71 ||   381
